 Dungeon Crawl Stone Soup version 0.23.2-33-g5129a83184 (webtiles) character file.

Game seed: 8770273787825249980

195 troglodite the Charmwright (level 5, 0/43 HPs)
             Began as a Gnoll Skald on July 17, 2019.
             Slain by an orc priest
             ... wielding a +0 flail
              (5 damage)
             ... on level 3 of the Dungeon.
             The game lasted 00:04:43 (2362 turns).

troglodite the Charmwright (Gnoll Skald)            Turns: 2362, Time: 00:04:44

Health: 0/43       AC:  6    Str: 19    XL:     5   Next: 74%
Magic:  4/12       EV: 12    Int: 16    God:
Gold:   88         SH:  0    Dex: 14    Spells: 7/14 levels left

rFire    . . .     SeeInvis .   a - +0 spear
rCold    . . .     Gourm    .   (no shield)
rNeg     . . .     Faith    .   g - +0 scale mail
rPois    .         Spirit   .   (no helmet)
rElec    .         Reflect  .   (no cloak)
rCorr    .         Harm     .   (no gloves)
MR       .....                  (no boots)
Stlth    ..........             (no amulet)
HPRegen  1.14/turn              i - +5 ring of strength (curse)
MPRegen  0.13/turn              (no ring)

@: very slightly contaminated, regenerating
A: distributed training, fangs 1, strong nose
a: no special abilities


You were on level 3 of the Dungeon.
You were not hungry.

You visited 1 branch of the dungeon, and saw 3 of its levels.

You collected 88 gold pieces.

Inventory:

Hand Weapons
 a - a +0 spear (weapon)
Armour
 g - a +0 scale mail (worn)
Jewellery
 i - a cursed +5 ring of strength (left hand)
 q - a +5 ring of dexterity {unknown}
Scrolls
 b - 3 scrolls of blinking {unknown}
 e - a scroll of enchant armour {unknown}
 f - 2 scrolls of noise {unknown}
 k - a scroll of enchant weapon {unknown}
 l - 2 scrolls of teleportation {unknown}
 m - a scroll of amnesia {unknown}
 r - a scroll of remove curse {unknown}
Potions
 c - 2 potions of ambrosia {unknown}
 h - 2 potions of might {unknown}
 j - 2 potions of magic {unknown}
 n - a potion of degeneration {unknown}
 o - a potion of brilliance {unknown}
 p - 2 potions of lignification {unknown}
Comestibles
 d - 8 rations
 s - 3 chunks of flesh


   Skills:
 + Level 4.8 Fighting
 + Level 1.6 Short Blades
 + Level 1.6 Long Blades
 + Level 1.6 Axes
 + Level 1.6 Maces & Flails
 + Level 4.8 Polearms
 + Level 1.6 Staves
 + Level 1.6 Slings
 + Level 1.6 Bows
 + Level 1.6 Crossbows
 + Level 1.6 Throwing
 + Level 3.0 Armour
 + Level 4.8 Dodging
 + Level 1.6 Stealth
 + Level 1.6 Shields
 + Level 1.6 Unarmed Combat
 + Level 5.2 Spellcasting
 + Level 1.2 Conjurations
 + Level 1.2 Hexes
 + Level 5.5 Charms
 + Level 1.2 Summonings
 + Level 1.2 Necromancy
 + Level 1.2 Translocations
 + Level 1.2 Transmutations
 + Level 1.2 Fire Magic
 + Level 1.2 Ice Magic
 + Level 1.2 Air Magic
 + Level 1.2 Earth Magic
 + Level 1.2 Poison Magic
 + Level 1.8 Invocations
 + Level 1.6 Evocations


You had 7 spell levels left.
You knew the following spells:

 Your Spells              Type           Power        Failure   Level  Hunger
a - Infusion              Chrm           ###.         4%          1    None
b - Regeneration          Chrm/Necr      ###.......   32%         3    ###....
c - Spectral Weapon       Hex/Chrm       ###.....     32%         3    ###....

Your spell library contained the following spells:

 Spells                   Type           Power        Failure   Level  Hunger
 Song of Slaying          Chrm           ###.....     7%          2    #......
 Shroud of Golubria       Chrm/Tloc      ###.......   17%         2    #......


Dungeon Overview and Level Annotations

Branches:
Dungeon (3/15)

Altars:


Innate Abilities, Weirdness & Mutations

Your experience applies equally to all skills.
You have very sharp teeth.
Your uncanny sense of smell can sniff out nearby items.


Message History

The orc priest is lightly wounded.
Your spectral weapon hits the orc priest from afar.
The orc priest closely misses you.
The orc wizard casts a spell.
The orc wizard blinks!
Unknown command.
You hit the orc priest.
The orc priest is severely wounded.
Your spectral weapon closely misses the orc priest.
The orc priest hits you with a +0 flail.
* * * LOW HITPOINT WARNING * * *
The orc closely misses your spectral weapon.
The orc hits you.
* * * LOW HITPOINT WARNING * * *
The orc priest looks braver for a moment.
You hit the orc priest.
The orc priest is almost dead.
Your spectral weapon closely misses the orc priest.
The orc priest hits you with a +0 flail.
You die...

####### ##.
#.....#######..... ###
#.....#..)@oo.....
#.#<###......((#oo(.....
..............#_#..o....
#.........#....#...#oo.o
#.........#.#.....##
ยง.. #.........#.#######
.. #.#+#######.# . #.
######.# #.
.##....#.#####


You could see 3 orc priests, 2 orc wizards, 3 orcs and a friendly spectral +0
spear.

Vanquished Creatures
  An orc priest (D:3)
  A hound (D:3)
  Natasha (thrice) (D:2)
  A gnoll (D:1)
  An adder (D:2)
  A worm (D:2)
  A dart slug (D:2)
  6 bats
  5 goblins
  5 hobgoblins
  A quokka (D:2)
  A ball python (D:2)
  A frilled lizard (D:1)
  11 kobolds
  5 rats
44 creatures vanquished.

Notes
Turn   | Place    | Note
-------+----------+-------------------------------------------
     0 | D:1      | troglodite the Gnoll Skald began the quest for the Orb.
     0 | D:1      | Reached XP level 1. HP: 20/20 MP: 6/6
   278 | D:1      | Reached XP level 2. HP: 26/26 MP: 7/7
   990 | D:1      | Reached XP level 3. HP: 31/31 MP: 9/9
  1249 | D:2      | Reached skill level 5 in Spellcasting
  1348 | D:2      | Reached skill level 1 in Invocations
  1381 | D:2      | Noticed Natasha
  1386 | D:2      | Killed Natasha
  1386 | D:2      | Reached skill level 1 in Short Blades
  1386 | D:2      | Reached skill level 1 in Long Blades
  1386 | D:2      | Reached skill level 1 in Axes
  1386 | D:2      | Reached skill level 1 in Maces & Flails
  1386 | D:2      | Reached skill level 1 in Staves
  1386 | D:2      | Reached skill level 1 in Slings
  1386 | D:2      | Reached skill level 1 in Bows
  1386 | D:2      | Reached skill level 1 in Crossbows
  1386 | D:2      | Reached skill level 1 in Throwing
  1386 | D:2      | Reached skill level 1 in Stealth
  1386 | D:2      | Reached skill level 1 in Shields
  1386 | D:2      | Reached skill level 1 in Unarmed Combat
  1386 | D:2      | Reached skill level 1 in Evocations
  1386 | D:2      | Reached XP level 4. HP: 29/38 MP: 7/11
  1391 | D:2      | Noticed Natasha
  1394 | D:2      | Learned a level 3 spell: Regeneration
  1398 | D:2      | Learned a level 3 spell: Spectral Weapon
  1411 | D:2      | Killed Natasha
  1414 | D:2      | Reached skill level 1 in Conjurations
  1414 | D:2      | Reached skill level 1 in Hexes
  1414 | D:2      | Reached skill level 1 in Summonings
  1414 | D:2      | Reached skill level 1 in Necromancy
  1414 | D:2      | Reached skill level 1 in Translocations
  1414 | D:2      | Reached skill level 1 in Transmutations
  1414 | D:2      | Reached skill level 1 in Fire Magic
  1414 | D:2      | Reached skill level 1 in Ice Magic
  1414 | D:2      | Reached skill level 1 in Air Magic
  1414 | D:2      | Reached skill level 1 in Earth Magic
  1414 | D:2      | Reached skill level 1 in Poison Magic
  1429 | D:2      | Noticed Natasha
  1525 | D:2      | Killed Natasha
  1525 | D:2      | Reached XP level 5. HP: 39/43 MP: 8/12
  2324 | D:3      | Found a faded altar of an unknown god.
  2362 | D:3      | Slain by an orc priest

Skill      XL: |  1  2  3  4  5 |
---------------+----------------+-----
Spellcasting   | 5 |  5.2
Invocations    | 1 |  1.8
Short Blades   | 1 |  1.6
Long Blades    | 1 |  1.6
Axes           | 1 |  1.6
Maces & Flails | 1 |  1.6
Staves         | 1 |  1.6
Slings         | 1 |  1.6
Bows           | 1 |  1.6
Crossbows      | 1 |  1.6
Throwing       | 1 |  1.6
Stealth        | 1 |  1.6
Shields        | 1 |  1.6
Unarmed Combat | 1 |  1.6
Evocations     | 1 |  1.6
Conjurations   | 1 |  1.2
Hexes          | 1 |  1.2
Summonings     | 1 |  1.2
Necromancy     | 1 |  1.2
Translocations | 1 |  1.2
Transmutations | 1 |  1.2
Fire Magic     | 1 |  1.2
Ice Magic      | 1 |  1.2
Air Magic      | 1 |  1.2
Earth Magic    | 1 |  1.2
Poison Magic   | 1 |  1.2
Armour         | 3 |  3.0
Fighting       | |  4.8
Polearms       | |  4.8
Dodging        | |  4.8
Charms         | |  5.5

Action                   |  1- 3 |  4- 6 || total
-------------------------+-------+-------++-------
Melee: Spear             |    99 |    88 ||   187
       Bite              |    12 |     7 ||    19
       Punch             |       |     1 ||     1
 Cast: Infusion          |     1 |       ||     1
       Regeneration      |       |     3 ||     3
       Spectral Weapon   |       |     3 ||     3
  Eat: Chunk             |     1 |     4 ||     5
Armor: Leather armour    |     4 |       ||     4
       Scale mail        |    24 |    19 ||    43
Dodge: Dodged            |    40 |    49 ||    89
